 Dungeon Crawl Stone Soup version 0.22-a0-580-gd5db89c (webtiles) character file.

2517 Ekaitz the Chiller (level 9, -5/66 HPs)
             Began as a Merfolk Ice Elementalist on July 3, 2018.
             Was an Elder of Dithmenos.
             Slain by an orc warrior
             ... wielding a +0 halberd
              (16 damage)
             ... in a bailey.
             The game lasted 00:36:56 (8551 turns).

Ekaitz the Chiller (Merfolk Ice Elementalist)       Turns: 8551, Time: 00:36:58

Health: -5/66      AC:  3    Str: 14 (16) XL:     9   Next: 54%
Magic:  17/17      EV: 19    Int: 14 (16) God:    Dithmenos [****..]
Gold:   371        SH:  0    Dex: 14 (15) Spells: 0/19 levels left

rFire    . . .     SeeInvis .   K - +0 glaive
rCold    . . .     Gourm    .   (shield currently unavailable)
rNeg     + . .     Faith    .   a - +0 robe
rPois    .         Spirit   .   u - +0 helmet
rElec    .         Reflect  .   (no cloak)
rCorr    .         Harm     .   (no gloves)
MR       .....                  (no boots)
Stlth    +.........             y - amulet of magic regeneration
HPRegen  0.21/turn              j - ring of positive energy
MPRegen  0.40/turn              k - +5 ring of evasion

@: confused, mighty, wreathed by umbra
A: change form in water, swift swim, stealthy swim, screaming 1, strong 1
a: Shadow Step, Renounce Religion


You were in a bailey.
You worshipped Dithmenos.
Dithmenos was greatly pleased with you.
You were hungry.

You visited 2 branches of the dungeon, and saw 9 of its levels.
You also visited: Bailey.

You collected 371 gold pieces.

Inventory:

Hand Weapons
 s - a +0 dagger
 t - a +2 falchion of slicing
 G - a +0 trident
 K - a +0 glaive (weapon)
Missiles
 D - 5 poisoned needles
Armour
 a - a +0 robe (worn)
 u - a +0 helmet (worn)
Magical Staves
 p - an uncursed staff of cold
Jewellery
 i - an uncursed ring of flight
 j - a ring of positive energy (left hand)
 k - a +5 ring of evasion (right hand)
 y - an amulet of magic regeneration (around neck)
Wands
 r - a wand of digging (6)
 A - a wand of random effects (58)
 H - a wand of paralysis (10)
Scrolls
 e - 2 scrolls of enchant weapon {unknown}
 f - 2 scrolls of remove curse
 g - 4 scrolls of blinking {unknown}
 h - 4 scrolls of identify
 o - a scroll of fear {unknown}
 q - 3 scrolls of teleportation {unknown}
 w - 2 scrolls of magic mapping {unknown}
 B - a scroll of noise {unknown}
 E - a scroll of summoning
 I - 2 scrolls of immolation {unknown}
Potions
 b - 2 potions of curing
 m - 3 potions of might
 v - 2 potions of degeneration
 F - a potion of haste {unknown}
Comestibles
 c - 13 rations
 J - 9 chunks of flesh


   Skills:
 - Level 4.3 Fighting
 - Level 2.6(3.0) Short Blades
 - Level 1.8(2.4) Long Blades
 + Level 5.7 Polearms
 + Level 4.4 Dodging
 + Level 3.2 Stealth
 + Level 0.1 Unarmed Combat
 - Level 5.5 Spellcasting
 + Level 2.6 Conjurations
 + Level 0.2 Charms
 + Level 4.0 Summonings
 + Level 6.6 Ice Magic
 * Level 1.0 Air Magic
 + Level 2.8 Invocations


You couldn't memorise any spells.
You knew the following spells:

 Your Spells              Type           Power        Failure   Level  Hunger
a - Freeze                Ice            ###.         1%          1    None
b - Throw Frost           Conj/Ice       ###...       3%          2    ##.....
c - Ozocubu's Armour      Chrm/Ice       ##......     12%         3    ###....
d - Throw Icicle          Conj/Ice       ###.....     26%         4    ####...
e - Summon Ice Beast      Ice/Summ       ###.....     19%         4    ####...
I - Call Imp              Summ           ###.....     4%          2    ##.....
M - Mephitic Cloud        Conj/Pois/Air  #.......     30%         3    ###....

Your spell library contained the following spells:

 Spells                   Type           Power        Failure   Level  Hunger
 Magic Dart               Conj           ##..         5%          1    None
 Conjure Flame            Conj/Fire      #.......     28%         3    ###....
 Slow                     Hex            #.......     26%         2    ##.....
 Confuse                  Hex            #.......     45%         3    ###....
 Blink                    Tloc           N/A          26%         2    ##.....
 Tukima's Dance           Hex            #.......     45%         3    ###....
 Spider Form              Tmut/Pois      #.........   45%         3    ###....
 Blade Hands              Tmut           #.........   99%         5    ######.
 Ice Form                 Ice/Tmut       ##......     38%         4    ####...
 Sticks to Snakes         Tmut           #.......     26%         2    ##.....
 Ensorcelled Hibernation  Hex/Ice        ##....       6%          2    ##.....
 Corona                   Hex            #......      17%         1    None
 Beastly Appendage        Tmut           #.....       17%         1    None
 Dazzling Spray           Conj/Hex       #.....       28%         3    ###....


Dungeon Overview and Level Annotations

Branches:
Dungeon (8/15)             Temple (1/1) D:6
   Lair: D:8-11

Altars:
Ashenzari
Dithmenos
Fedhas
Gozag
Hepliaklqana
Makhleb
Nemelex Xobeh
Okawaru
Qazlal
Ru
Sif Muna
Trog
Uskayaw
Wu Jian
Xom
Yredelemnul
Zin

Annotations:
D:3 1 runed door, 240p's ghost, novice OgHu
D:6 Grinder


Innate Abilities, Weirdness & Mutations

You revert to your normal form in water.
You are very nimble and swift while swimming.
You are very stealthy in the water. (Stealth+)
You occasionally shout uncontrollably at your foes.
Your muscles are strong. (Str +2)


Message History

Your ice beast closely misses the orc warrior.
It was a potion of degeneration.
There was something very wrong with that liquid.
You feel weakened.
You feel dopey.
You feel clumsy. The orc warrior misses you.
The orc warrior completely misses you.
An orc warrior comes into view. It is wielding an arbalest.
Your ice beast hits the orc warrior but does no damage.
It was a potion of mutation.
You feel extremely strange.
You feel the urge to shout.
You feel stronger. The orc warrior completely misses you.
The orc warrior misses you.
Your ice beast hits the orc warrior.
Your ice beast freezes the orc warrior!
The orc warrior unwields an uncursed arbalest.
The orc warrior closely misses you.
It was a potion of ambrosia.
You are confused.
You feel invigorated.
The orc knight roars a battlecry!
The orc warrior goes into a battle-frenzy!
The orc warrior hits you from afar with a halberd!
You die...

### ##∩## #.o@#
#...# ≈..o.oo.
oo≈..Y....≈o
≈o≈≈.......≈≈o≈
≈≈≈.(#...#(.≈≈≈
....##...##....
#### ##∩## ####


You could see an orc knight, 5 orc warriors, an orc and a friendly ice beast.

Vanquished Creatures
  A hornet (D:7)
  An ice beast (D:8)
  An orc warrior (D:7)
  A black bear (D:7)
  A phantom (D:6)
  4 ogres
  A wyvern zombie (D:6)
  A scorpion (D:4)
  A wight (D:7)
  2 vampire bats (D:5)
  3 crimson imps
  2 centaur zombies (D:6)
  A jelly (D:5)
  A hound (D:4)
  A centaur skeleton (D:7)
  Ijyb (D:5)
  Natasha (thrice) (D:2)
  5 orc wizards
  6 worker ants
  A worker ant zombie (D:7)
  Robin (D:3)
  7 gnolls (D:6)
  5 adders
  2 shadow imps
  2 adder skeletons (D:6)
  An adder zombie (D:7)
  2 dart slugs
  4 leopard geckos
  24 orcs
  7 giant cockroaches
  12 goblins
  5 hobgoblins
  17 jackals
  2 kobolds
  5 quokkas
  3 ball pythons
  A ball python zombie (D:6)
  10 bats
  3 frilled lizards
  A giant cockroach zombie (D:6)
  A jackal zombie (D:5)
  2 leopard gecko skeletons
  A quokka skeleton (D:6)
  2 quokka zombies
  8 rats
166 creatures vanquished.

Vanquished Creatures (collateral kills)
  A wyvern (D:8)
  A hungry ghost (D:7)
  3 ice beasts
  An orc warrior (D:7)
  A water moccasin skeleton (D:6)
  2 wights (D:7)
  A centaur zombie (D:6)
  A hound (D:7)
  An orc wizard (D:7)
  A bullfrog skeleton (D:6)
  A worker ant (D:7)
  A gnoll (D:6)
  2 adder zombies
  An orc (D:7)
  2 jackals
  2 quokkas
22 creatures vanquished.

Grand Total: 188 creatures vanquished

Notes
Turn   | Place    | Note
-------+----------+-------------------------------------------
     0 | D:1      | Ekaitz the Merfolk Ice Elementalist began the quest for the Orb.
     0 | D:1      | Reached XP level 1. HP: 13/13 MP: 3/3
   418 | D:1      | Reached XP level 2. HP: 20/20 MP: 3/5
   422 | D:1      | Learned a level 2 spell: Throw Frost
  1158 | D:2      | Found a shadowy altar of Dithmenos.
  1167 | D:2      | Became a worshipper of Dithmenos the Shadowed
  1230 | D:2      | Found a shimmering altar of Xom.
  1250 | D:2      | Reached XP level 3. HP: 20/25 MP: 0/6
  1306 | D:2      | Learned a level 3 spell: Ozocubu's Armour
  1393 | D:2      | Reached skill level 1 in Fighting
  1468 | D:2      | Reached skill level 4 in Ice Magic
  1546 | D:2      | Reached skill level 1 in Conjurations
  1792 | D:2      | Noticed Natasha
  1803 | D:2      | Killed Natasha
  1803 | D:2      | Reached XP level 4. HP: 32/32 MP: 0/7
  1804 | D:2      | Noticed Natasha
  1819 | D:2      | Killed Natasha
  2058 | D:2      | Noticed Natasha
  2065 | D:2      | Killed Natasha
  2065 | D:2      | Reached XP level 5. HP: 38/38 MP: 2/8
  2348 | D:3      | Noticed Robin
  2355 | D:3      | Reached * piety under Dithmenos
  2427 | D:3      | Killed Robin
  2578 | D:3      | Found a runed door.
  2592 | D:3      | Noticed 240p's ghost (novice OgHu)
  2960 | D:3      | Found a blossoming altar of Fedhas.
  3157 | D:4      | Noticed an ogre
  3163 | D:4      | Killed an ogre
  3163 | D:4      | Reached skill level 5 in Ice Magic
  3163 | D:4      | Reached XP level 6. HP: 46/46 MP: 0/10
  3169 | D:4      | Learned a level 4 spell: Throw Icicle
  3575 | D:4      | Reached XP level 7. HP: 38/51 MP: 0/12
  3579 | D:4      | Learned a level 2 spell: Call Imp
  4111 | D:4      | Found a shadowy altar of Dithmenos.
  4660 | D:5      | Entered Level 5 of the Dungeon
  4709 | D:5      | Noticed Ijyb
  4721 | D:5      | Reached ** piety under Dithmenos
  4747 | D:5      | Killed Ijyb
  4763 | D:5      | Reached skill level 6 in Ice Magic
  5014 | D:5      | Reached skill level 1 in Short Blades
  5120 | D:5      | Reached skill level 1 in Summonings
  5297 | D:5      | Reached skill level 1 in Long Blades
  5297 | D:5      | Reached XP level 8. HP: 36/60 MP: 9/14
  5923 | D:6      | Noticed Grinder
  6598 | D:6      | Reached *** piety under Dithmenos
  6598 | D:6      | Reached skill level 1 in Polearms
  6642 | D:6      | Reached skill level 1 in Invocations
  6685 | D:6      | Found a staircase to the Ecumenical Temple.
  6747 | D:6      | Learned a level 4 spell: Summon Ice Beast
  6793 | D:6      | Found a bloodstained altar of Trog.
  7209 | D:7      | Noticed a hornet
  7249 | Temple   | Entered the Ecumenical Temple
  7491 | D:7      | Reached skill level 5 in Spellcasting
  7491 | D:7      | Reached XP level 9. HP: 65/65 MP: 5/16
  7499 | D:7      | Killed a hornet
  7967 | D:7      | Reached skill level 5 in Polearms
  8046 | D:7      | Reached **** piety under Dithmenos
  8108 | D:7      | Found a basalt altar of Yredelemnul.
  8110 | D:7      | Found a glowing silver altar of Zin.
  8118 | D:7      | Found an iron altar of Okawaru.
  8139 | D:7      | Found an opulent altar of Gozag.
  8304 | D:7      | Found a sacrificial altar of Ru.
  8414 | D:8      | Learned a level 3 spell: Mephitic Cloud
  8453 | D:8      | Reached skill level 1 in Air Magic
  8521 | D:8      | Found a flagged portal.
  8534 | Bailey   | Entered a bailey
  8534 | Bailey   | Noticed an orc knight
  8550 | Bailey   | Gained mutation: You occasionally shout uncontrollably at your foes. [potion of mutation]
  8550 | Bailey   | Gained mutation: Your muscles are strong. (Str +2) [potion of mutation]
  8551 | Bailey   | Slain by an orc warrior

Vault maps used:
D:1:      minmay_arrival_solitary_statue, serial_bayou_pond_c
D:2:      minmay_door_path, nicolae_overflow_crystal_walls, xom_teletrap_fun,
          first_ration, uniq_natasha
D:3:      ebering_ghost_reflecting_pool, minivault_23, serial_bayou_lagoon_a,
          fedhas_altar_2, uniq_robin
D:4:      hangedman_decor_clover_reticule, grunt_dithmenos_smoke_and_mirrors
D:5:      roderic_batcave, uniq_ijyb
D:6:      lightli_temple_of_fire, serial_undead, serial_undead_d,
          serial_undead_a, serial_undead_f, serial_undead_d, uniq_grinder
D:7:      hangedman_cross_stitches, nicolae_overflow_hidden_temple,
          grunt_temple_overflow_open
D:8:      enter_bailey_2, grunt_ogre_cave, david_defended_altar_elf, uniq_psyche
Temple:   nicolae_temple_figure_zero
Bailey:   bailey_polearm_4, bailey

Skill      XL: |  1  2  3  4  5  6  7  8  9 |
---------------+----------------------------+-----
Dodging        | 3 4 |  4.4
Fighting       | 1 2 3 4 |  4.3
Ice Magic      | 4 5 6 |  6.6
Conjurations   | 1 2 |  2.6
Spellcasting   | 3 4 5 |  5.5
Short Blades   | 1 2 |  2.6
Summonings     | 1 3 4 |  4.0
Long Blades    | 1 |  1.8
Stealth        | 3 |  3.2
Polearms       | 3 5 |  5.7
Invocations    | 2 |  2.8
Air Magic      | 1 |  1.0
Unarmed Combat | |  0.1
Charms         | |  0.2

Action                   |  1- 3 |  4- 6 |  7- 9 || total
-------------------------+-------+-------+-------++-------
Melee: Unarmed           |    59 |       |       ||    59
       Staff             |     1 |    25 |   154 ||   180
       Great sword       |       |       |     7 ||     7
       Halberd           |       |       |   142 ||   142
       Dagger            |       |       |     1 ||     1
       Tailslap          |       |       |     1 ||     1
       Glaive            |       |       |    34 ||    34
 Cast: Freeze            |    21 |    41 |    78 ||   140
       Throw Frost       |    24 |    34 |    53 ||   111
       Ozocubu's Armour  |     1 |       |     2 ||     3
       Call Imp          |       |       |    32 ||    32
       Summon Ice Beast  |       |       |    22 ||    22
       Throw Icicle      |       |       |     3 ||     3
  Use: Scroll            |       |       |     8 ||     8
       Potion            |       |       |     5 ||     5
 Stab: Distracted        |       |       |     4 ||     4
       Sleeping          |       |       |     3 ||     3
  Eat: Chunk             |     5 |     7 |    17 ||    29
       Ration            |       |       |     2 ||     2
Armor: Robe              |     9 |     3 |    37 ||    49
Dodge: Dodged            |    74 |    45 |   470 ||   589
       Rpst.: Great sword |       |       |     2 ||     2

Table legend:
 A = Spawn XP
 B = Non-spawn XP
 C = Spawn XP percentage of total XP
 D = Spawn monster count
 E = Non-spawn monster count
 F = Spawn count percentage of total count
 G = Total turns spent on level
                    A         B        C        D         E        F      G
               +---------+---------+-------+---------+---------+-------+---------
         Total |       0 |    3596 |   0.0 |       0 |     188 |   0.0 |  8551
               +---------+---------+-------+---------+---------+-------+---------
           D:1 |       0 |      25 |   0.0 |       0 |      13 |   0.0 |  1143
           D:2 |       0 |     174 |   0.0 |       0 |      28 |   0.0 |  1247
           D:3 |       0 |      81 |   0.0 |       0 |      18 |   0.0 |   765
           D:4 |       0 |     490 |   0.0 |       0 |      18 |   0.0 |  1530
           D:5 |       0 |     634 |   0.0 |       0 |      31 |   0.0 |  1157
           D:6 |       0 |     664 |   0.0 |       0 |      30 |   0.0 |  1352
           D:7 |       0 |    1351 |   0.0 |       0 |      46 |   0.0 |  1041
           D:8 |       0 |     177 |   0.0 |       0 |       4 |   0.0 |   154
               +---------+---------+-------+---------+---------+-------+---------
